Map: Lerilak Crest

Players

FireCake - Winner!

  • Race: Zerg Zerg
  • League: Master

MaSa

  • Race: Terran Terran

Event: Gauntlet Monday Night

VOD

Have the link to the VOD?

Description

Time

  • Played on: Jan. 4, 2016, 1:05 p.m.
  • Length: 10:26

All games in this series

Show
View Real Time Build Order
Export as new Build Order

FireCake Zerg - Winner!

Build Orders: Pool First 

Get SALT Encoding   

  12  0:01  Drone  
  13  0:08  Drone  
  14  0:17  Overlord  
  14  0:22  Drone, Extractor  
  15  0:36  Drone x2  
  17  0:44  Spawning Pool  
  17  0:48  Drone  
  17  0:55  Drone  
  18  1:06  Extractor  
  17  1:13  Hatchery  
  17  1:16  Drone  
  17  1:19  Drone  
  18  1:30  Queen  
  20  1:32  Zergling x2  
  20  1:37  Drone  
  22  1:48  Overlord  
  22  1:54  Roach Warren  
  21  2:01  Drone  
  21  2:07  Queen  
  24  2:35  Queen  
  25  2:39  Roach x3  
  25  2:40  Roach  
  25  2:43  Overlord  
  33  2:47  Drone  
  33  2:50  Drone  
  35  2:53  Drone  
  36  3:06  Drone  
  36  3:12  Overlord  
  37  3:16  Drone  
  37  3:17  Drone x3  
  42  3:20  Ravager  
  42  3:23  Overlord  
  42  3:26  Drone  
  43  3:31  Drone  
  44  3:34  Drone  
  45  3:41  Ravager  
  45  3:48  Drone x7  
  53  4:00  Ravager x2  
  55  4:11  Drone x5  
  55  4:15  Extractor  
  55  4:16  Extractor  
  58  4:21  Overlord  
  58  4:22  Hatchery  
  58  4:23  Drone  
  58  4:24  Drone x2  
  60  4:29  Evolution Chamber  
  60  4:31  Evolution Chamber  
  58  4:42  Drone x5  
  58  4:43  Queen  
  65  4:47  Lair  
  65  4:53  Overlord  
  65  4:54  Overlord  
  65  5:00  Zerg Missile Weapons Level 1  
  59  5:15  Drone  
  59  5:16  Drone  
  59  5:18  Drone  
  59  5:19  Drone x3, Zerg Ground Armor Level 1  
  65  5:23  Extractor  
  65  5:26  Drone x3  
  65  5:27  Drone  
  68  5:30  Roach x3  
  74  5:38  Roach x2  
  78  5:44  Overlord  
  78  5:45  Overlord  
  78  5:47  Glial Reconstitution  
  75  5:56  Drone x6  
  81  5:58  Roach x4  
  89  6:06  Overlord  
  89  6:08  Overseer  
  89  6:20  Roach x5  
  89  6:25  Roach x3  
  105  6:31  Overlord x2  
  109  6:43  Roach x2  
  105  6:51  Roach x7  
  105  6:52  Roach x2  
  117  6:56  Overlord x2  
  117  7:00  Extractor x2  
  111  7:01  Drone  
  111  7:02  Drone x5  
  111  7:03  Zerg Missile Weapons Level 2  
  111  7:06  Ravager  
  118  7:10  Hatchery  
  118  7:13  Drone x3  
  120  7:23  Zerg Ground Armor Level 2  
  120  7:28  Drone  
  120  7:29  Overlord x2  
  121  7:30  Overlord x2  
  121  7:35  Roach x4  
  129  7:40  Overseer  
  129  7:44  Overlord x5  
  129  7:50  Roach x4  
  137  7:56  Roach x2  
  141  8:04  Roach x4  
  149  8:08  Roach x4  
  149  8:09  Roach  
  159  8:17  Roach  
  159  8:18  Roach x5  
  167  8:25  Roach x3  
  155  8:29  Roach  
  155  8:32  Ravager x2  
  157  8:34  Ravager  
  157  8:35  Ravager  
  157  8:38  Roach  
  157  8:39  Roach x3  
  167  8:42  Overseer  
  167  8:44  Roach x2  
  171  8:50  Roach  
  171  8:51  Roach  
  155  9:06  Roach x7  
  155  9:07  Roach x5  
  165  9:16  Roach x3  
  159  9:24  Roach x2  
  142  9:33  Roach x7  
  142  9:34  Roach x3  
  153  9:39  Roach  
  153  9:40  Roach x3  
  159  9:46  Roach  
  159  9:48  Ravager x2  
  159  9:51  Roach x3  
  169  9:57  Roach x4  
  177  10:05  Roach x5  
Show
View Real Time Build Order
Export as new Build Order

MaSa Terran 

Build Orders: MMM Bio 

Get SALT Encoding   

  12  0:00  SCV  
  13  0:13  SCV  
  14  0:16  Supply Depot  
  14  0:25  SCV  
  15  0:38  SCV  
  15  0:39  Barracks  
  16  0:45  Refinery  
  16  0:50  SCV  
  17  0:58  Barracks  
  17  1:02  SCV  
  18  1:14  SCV  
  19  1:27  Orbital Command  
  19  1:28  Reaper  
  20  1:41  Supply Depot  
  20  1:46  Reaper  
  21  1:53  SCV  
  22  2:04  Reaper  
  22  2:05  SCV  
  24  2:12  Command Center  
  24  2:18  SCV, Refinery  
  25  2:23  Reaper  
  26  2:30  SCV  
  27  2:41  Reaper  
  27  2:43  SCV  
  29  2:51  Bunker  
  29  2:55  Marine  
  30  3:05  SCV, Factory  
  29  3:12  Marine  
  29  3:13  Marine  
  29  3:15  Bunker  
  31  3:23  SCV  
  31  3:26  Orbital Command  
  32  3:30  Marine  
  32  3:31  Marine  
  34  3:35  SCV  
  35  3:47  SCV  
  36  3:48  Factory Tech Lab  
  36  3:49  Marine x2  
  36  3:50  Starport  
  36  3:52  SCV  
  39  4:00  SCV  
  39  4:05  SCV  
  39  4:08  Marine x2  
  39  4:09  Siege Tank  
  45  4:18  Supply Depot  
  45  4:25  Command Center  
  45  4:28  SCV  
  45  4:40  Medivac  
  45  4:41  Barracks Reactor, Barracks Tech Lab, Supply Depot  
  47  4:46  Orbital Command  
  47  4:54  Siege Tank  
  47  4:55  SCV  
  51  5:01  Stimpack, Marine  
  51  5:08  SCV  
  51  5:13  SCV  
  51  5:19  Marine x3  
  51  5:20  SCV, Medivac  
  57  5:24  Refinery  
  57  5:25  SCV  
  58  5:32  SCV  
  59  5:37  SCV, Marine x2  
  59  5:38  Refinery  
  63  5:44  SCV  
  63  5:46  Marine  
  63  5:48  Orbital Command  
  63  5:49  SCV  
  65  5:50  Siege Tank  
  65  5:55  Marine x2  
  70  5:57  SCV  
  70  5:58  Medivac  
  70  6:00  Supply Depot  
  70  6:03  SCV  
  74  6:05  Barracks  
  74  6:14  Marine x2  
  74  6:15  SCV  
  77  6:21  Marine  
  77  6:22  SCV  
  77  6:24  Siege Tank  
  77  6:25  Orbital Command  
  82  6:32  Marine x2  
  84  6:34  SCV  
  84  6:38  Supply Depot  
  84  6:39  Engineering Bay  
  85  6:41  Engineering Bay  
  81  6:50  Marine x3  
  81  6:51  SCV  
  77  6:54  SCV, Medivac  
  77  6:56  Barracks Reactor  
  77  7:00  SCV  
  81  7:03  SCV  
  81  7:05  Supply Depot  
  81  7:07  Terran Infantry Weapons Level 1, Terran Infantry Armor Level 1  
  81  7:08  Marine  
  83  7:09  Combat Shields  
  83  7:11  SCV  
  83  7:12  SCV  
  83  7:13  Marine x2  
  83  7:15  Siege Tank  
  91  7:30  SCV x3, Barracks  
  91  7:32  Barracks, Marine  
  94  7:37  Marine x2  
  94  7:38  Marine x2  
  94  7:42  Refinery  
  98  7:48  SCV  
  98  7:50  Supply Depot  
  99  7:51  Supply Depot  
  99  7:53  SCV, Marine  
  101  8:01  Supply Depot x2  
  101  8:07  Marine x3  
  101  8:09  Marine  
  101  8:11  Siege Tank, Marine  
  101  8:12  SCV  
  102  8:25  SCV x2  
  95  8:27  Marine x3  
  95  8:28  Orbital Command, Marine x2  
  95  8:32  Marine  
  98  8:37  Medivac  
  98  8:41  SCV x2  
  100  8:43  Siege Tank  
  100  8:45  Marine x3  
  106  8:53  SCV, Marine x2  
  109  9:00  Barracks Reactor  
  102  9:03  Marine x2  
  92  9:10  Marine  
  92  9:11  Marine x2  
  92  9:13  SCV x2  
  89  9:17  Medivac  
  89  9:20  Armory  
  89  9:21  Marine  
  85  9:28  Marine  
  85  9:29  Marine x2  
  83  9:32  SCV  
  77  9:38  Marine  
  77  9:41  Marine x2  
  77  9:42  SCV  
  77  9:45  SCV x2  
  83  9:46  Marine x2  
  83  9:47  Marine  
  85  9:54  Armory  
  85  9:56  Marine  
  85  9:59  Marine x2  
  82  10:02  SCV  
  82  10:04  Marine x2  
  82  10:06  Marine  
Tags
 
Add a new tag
Caveats
  • Supply blocks, unpowered buildings, or Contaminate may cause inaccurate times.
  • Supply counts are checked every 10 seconds.